 Dungeon Crawl Stone Soup version 0.21-a0-24-ga372141 (webtiles) character file.

47 Lexie the Magician (level 3, -3/21 HPs)
             Began as an Octopode Wizard on May 25, 2017.
             Slain by a worker ant (7 damage)
             ... on level 4 of the Dungeon.
             The game lasted 00:01:37 (2127 turns).

Lexie the Magician (Octopode Wizard)                Turns: 2127, Time: 00:01:38

Health: -3/21      AC:  1    Str:  6    XL:     3   Next: 70%
Magic:  1/8        EV: 13    Int: 21    God:
Gold:   47         SH:  0    Dex: 10    Spells: 8/9 levels left

rFire    . . .     SeeInvis .   m - +2 dagger (holy)
rCold    . . .     Gourm    .   (no shield)
rNeg     . . .     Faith    .   a - +0 hat
rPois    .         Spirit   .   (no amulet)
rElec    .         Reflect  .   (no ring)
rCorr    .         Harm     .   (no ring)
MR       .....                  (no ring)
Stlth    +++.......             (no ring)
Regen    0.1/turn               (no ring)
MPRegen  0.2/turn               (no ring)
                                (no ring)
                                (no ring)

@: lethally poisoned (-3 -> -17)
A: almost no armour, stealthy swim, amphibious, 8 rings, constrict 8, camouflage
1, gelatinous body 1
a: no special abilities


You were on level 4 of the Dungeon.
You were not hungry.

You visited 1 branch of the dungeon, and saw 3 of its levels.

You collected 47 gold pieces.

Inventory:

Hand Weapons
 h - a +0 dagger
 l - a +0 dagger of draining
 m - a +2 dagger of holy wrath (weapon)
Armour
 a - a +0 hat (worn)
Scrolls
 e - 2 scrolls of immolation {unknown}
 g - 4 scrolls of identify {unknown}
 k - a scroll of amnesia {unknown}
 n - a scroll of teleportation {unknown}
 o - 3 scrolls of remove curse {unknown}
 p - a scroll of magic mapping {unknown}
Potions
 f - 2 potions of curing
 i - a potion of haste {unknown}
 j - a potion of ambrosia {unknown}
 s - 2 potions of heal wounds {unknown}
Books
 b - a book of Minor Magic

   Spells                             Type                      Level
   a - Magic Dart                     Conjuration                  1
   b - Blink                          Translocation                2
   c - Call Imp                       Summoning                    2
   d - Slow                           Hexes                        2
   e - Conjure Flame                  Conjuration/Fire             3
   f - Mephitic Cloud                 Conjuration/Poison/Air       3
Comestibles
 c - a bread ration
 d - 2 meat rations
 q - a chunk of flesh
 r - a royal jelly


   Skills:
 - Level 2.0 Dodging
 - Level 2.6 Stealth
 + Level 3.7 Spellcasting
 + Level 2.4 Conjurations
   Level 1.0 Summonings
   Level 1.0 Translocations


You had 8 spell levels left.
You knew the following spells:

 Your Spells              Type           Power        Failure   Level  Hunger
a - Magic Dart            Conj           ##..         4%          1    None


Dungeon Overview and Level Annotations

Branches:
Dungeon (2/15)

Altars:
Qazlal
Ru
Sif Muna


Innate Abilities, Weirdness & Mutations

You cannot wear most types of armour.
You are very stealthy in the water. (Stealth+)
You are amphibious.
You can wear up to eight rings at the same time.
You can use your tentacles to constrict eight enemies at once.
Your skin changes colour to match your surroundings (Stealth+).
Your rubbery body absorbs attacks. (AC +1, EV +1)


Message History

* * * LOW HITPOINT WARNING * * *
Casting: Magic Dart
Confirm with . or Enter, or press ? or * to list all spells.
Aiming: Magic Dart
Press: ? - help, Shift-Dir - straight line, f/p - worker ant
Aim: a worker ant (severely wounded)
The magic dart hits the worker ant.
The worker ant is almost dead.
* * * LOW HITPOINT WARNING * * *
You feel sick. The worker ant barely misses you.
Casting: Magic Dart
Confirm with . or Enter, or press ? or * to list all spells.
Aiming: Magic Dart
Press: ? - help, Shift-Dir - straight line, f/p - worker ant
Aim: a worker ant (almost dead)
The magic dart hits the worker ant.
The worker ant is almost dead.
* * * LOW HITPOINT WARNING * * *
You feel sick. The worker ant bites you!
You die...

.#+##...# .# #..##
..# #.. ####..# #..
....... .......
....... ###...#
#.@...# #.#a###
#.#... #.##### #+#
#.# #.# #.##### #.#
#.....########.##
#####...........###
########.......


You could see a worker ant.

Vanquished Creatures
  An adder (D:2)
  2 dart slugs
  A leopard gecko (D:1)
  4 giant cockroaches (D:1)
  A hobgoblin (D:1)
  2 jackals (D:4)
  5 kobolds (D:1)
  A quokka (D:2)
  A bat (D:1)
  3 frilled lizards
  6 goblins
  4 rats
31 creatures vanquished.

Notes
Turn   | Place    | Note
-------+----------+-------------------------------------------
     0 | D:1      | Lexie the Octopode Wizard began the quest for the Orb.
     0 | D:1      | Reached XP level 1. HP: 11/11 MP: 4/4
   333 | D:1      | Reached XP level 2. HP: 16/17 MP: 3/6
  1166 | D:1      | Reached XP level 3. HP: 21/21 MP: 3/7
  1629 | D:2      | Found a deep blue altar of Sif Muna.
  1766 | D:2      | Found a stormy altar of Qazlal.
  1962 | D:2      | Found a sacrificial altar of Ru.
  1986 | D:2      | You fall through a shaft for 2 floors!
  2127 | D:4      | Slain by a worker ant

Vault maps used:
D:1:      dpeg_arrival_long_road, hangedman_glass_teeth, amethyst_killhole,
          minivault_4, minmay_crystal_room, minmay_misc_feat_roman
D:2:      grunt_temple_overflow_open, nicolae_ru_sacrificial_ziggurat
D:4:      corexii_shack_village, minmay_temple_entry_overgrown, first_bread

Skill      XL: |  1  2 |
---------------+-------+-----
Conjurations   | 2 |  2.4
Dodging        | |  2.0
Stealth        | |  2.6
Spellcasting   | |  3.7
Summonings     | |  1.0
Translocations | |  1.0

Action                   || total
-------------------------++-------
Melee: Unarmed           ||     8
       Constrict         ||     5
       Dagger            ||    22
       Tentacles         ||     5
 Cast: Magic Dart        ||    80
  Use: Potion            ||     1
 Stab: Sleeping          ||     1
  Eat: Chunk             ||     4
Dodge: Dodged            ||    26
